[Event "Titled Tuesday Blitz May 25 2021"]
[White "aloe_normansen"]
[Black "Titus, Andrew"]
[BlackFideId "2059770"]
[WhiteElo "2364"]
[BlackElo "2044"]
[Result "0-1"]
[Round "10"]
[TimeControl "180+1"]
[Date "2021.05.25"]
[WhiteClock "0:00:22"]
[BlackClock "0:00:31"]

1. e4 c5 2. Nf3 d6 3. d4 cxd4 4. Nxd4 Nf6 5. Nc3 a6 6. Bg5 e6 7. f4 Be7 8. Qf3 Qc7 9. O-O-O Nbd7 10. Bd3 b5 11. Rhe1 Bb7 12. Qg3 b4 13. Nd5 exd5 14. exd5 Kd8 15. Nc6+ Bxc6 16. dxc6 Nc5 17. Bh4 Rg8 18. Bxh7 Rh8 19. Bf5 Qxc6 20. Qxg7 Rxh4 21. Rxe7 Kxe7 22. Re1+ Nce4 23. Bxe4 Nxe4 24. Qg5+ Kd7 25. Qxh4 Qd5 26. f5 Re8 27. Rf1 Qxa2 28. Kd1 Qb1+ 29. Ke2 Ng3+ 0-1


[Site "https://www.chess.com"]

[Event "Titled Tuesday Blitz May 25 2021"]
[White "davigator"]
[Black "Do Valle Cardoso, Lucas"]
[BlackFideId "2163144"]
[WhiteElo "2441"]
[BlackElo "2378"]
[Result "0-1"]
[Round "10"]
[TimeControl "180+1"]
[Date "2021.05.25"]
[WhiteClock "0:00:09"]
[BlackClock "0:00:07"]

1. e4 e5 2. Nf3 Nc6 3. Bb5 f5 4. d3 fxe4 5. dxe4 Nf6 6. O-O d6 7. Nc3 Be7 8. h3 O-O 9. Bc4+ Kh8 10. Ng5 Qe8 11. Ne6 Bxe6 12. Bxe6 Qg6 13. Bf5 Qf7 14. Bg4 Nxg4 15. hxg4 Rae8 16. Be3 Qg6 17. Nd5 Bd8 18. f3 Ne7 19. Nc3 a6 20. Qd2 Ng8 21. Rae1 h6 22. g3 Nf6 23. Kg2 Nh7 24. Rh1 Bg5 25. Nd5 Rf7 26. Ref1 Ref8 27. Rf2 Bxe3 28. Nxe3 Ng5 29. Rhf1 Rxf3 30. Rxf3 Qxe4 31. Nf5 Nxf3 32. Rxf3 Qxg4 33. Qf2 Qe4 34. Kh2 g6 35. Nh4 Rxf3 36. Nxf3 Kg7 37. c3 g5 38. Ng1 b5 39. Qa7 Qc6 40. Qe3 Kg6 41. Nf3 Qc4 42. a3 Qd5 43. Nd2 c5 44. Ne4 Qd1 45. Kg2 Qc2+ 46. Nf2 c4 47. Qe4+ Qxe4+ 48. Nxe4 d5 49. Nc5 d4 50. Kf3 Kf5 51. Nxa6 e4+ 52. Ke2 d3+ 53. Ke3 h5 54. Nc5 h4 55. gxh4 gxh4 56. Nxe4 h3 57. Nf2 h2 58. Nh1 Kg4 59. Kf2 Kh3 60. Ng3 d2 61. Ke2 Kxg3 62. Kxd2 h1=Q 63. b3 Qe4 64. bxc4 bxc4 65. Kc1 Qd3 66. Kb2 Qd2+ 67. Kb1 Qxc3 68. a4 Qb3+ 69. Ka1 c3 70. a5 Qb2# 0-1


[Site "https://www.chess.com"]

[Event "Titled Tuesday Blitz May 25 2021"]
[White "zmeeed67"]
[Black "Leitao, Rafael"]
[BlackFideId "2101246"]
[WhiteElo "2621"]
[BlackElo "2609"]
[Result "0-1"]
[Round "10"]
[TimeControl "180+1"]
[Date "2021.05.25"]
[WhiteClock "0:00:01"]
[BlackClock "0:00:22"]

1. d4 Nf6 2. c4 g6 3. Nc3 Bg7 4. e4 d6 5. Be2 O-O 6. Bg5 Na6 7. Nf3 e5 8. O-O h6 9. Be3 Ng4 10. Bc1 Qe8 11. h3 Nf6 12. d5 Nc5 13. Qc2 a5 14. Be3 Bd7 15. b3 Nh5 16. Rfe1 f5 17. exf5 gxf5 18. Nh2 e4 19. Rad1 Qg6 20. Bf1 Rae8 21. Kh1 Be5 22. Bd4 Bxd4 23. Rxd4 Nf4 24. Qd2 Nfd3 25. Bxd3 Nxd3 26. Rg1 Qf6 27. Rxd3 exd3 28. Qxd3 Qe5 29. Nf3 Qf4 30. Rd1 Kh7 31. Kg1 Rg8 32. Kh1 Rg7 33. Ne2 Qe4 34. Qxe4 fxe4 35. Nfd4 Rf8 36. Kg1 Bxh3 37. Ng3 Bg4 38. Re1 Re8 39. Rxe4 Rxe4 40. Nxe4 Bh3 41. g3 Bd7 0-1


[Site "https://www.chess.com"]

[Event "Titled Tuesday Blitz May 25 2021"]
[White "Abdusattorov, Nodirbek"]
[Black "Petriashvili, Nikoloz"]
[WhiteFideId "14204118"]
[BlackFideId "13611216"]
[WhiteElo "2662"]
[BlackElo "2430"]
[Result "1-0"]
[Round "11"]
[TimeControl "180+1"]
[Date "2021.05.25"]
[WhiteClock "0:01:26"]
[BlackClock "0:00:09"]

1. d4 Nf6 2. c4 g6 3. Nc3 d5 4. Nf3 Bg7 5. Qb3 c6 6. cxd5 cxd5 7. Bf4 Nc6 8. e3 O-O 9. Be2 Qb6 10. Qxb6 axb6 11. Ne5 e6 12. Kd2 Nxe5 13. Bxe5 Bd7 14. Rhc1 Bc6 15. f3 Rfc8 16. a4 Ne8 17. Bxg7 Kxg7 18. b3 Nd6 19. Ra2 f6 20. Rac2 Kf7 21. Bd3 e5 22. Na2 Ke6 23. Nb4 Bd7 24. Rc7 Rxc7 25. Rxc7 Rc8 26. Rxc8 Bxc8 27. g3 Bd7 28. Ke1 Bc6 29. h4 e4 30. fxe4 dxe4 31. Be2 Bd5 32. Bd1 h6 33. Na2 g5 34. Nc3 b5 35. a5 Bc6 36. b4 Bd5 37. Be2 Bc6 38. hxg5 hxg5 39. g4 Ke7 40. Kf2 Ke6 41. Bd1 Ke7 42. Bb3 f5 43. gxf5 Kf6 44. Be6 Nxf5 45. d5 Be8 46. Nxe4+ Ke5 47. Bxf5 Kxf5 48. Nd6+ Ke5 49. Nxe8 Kxd5 50. Kf3 Kc4 51. Nd6+ Kxb4 52. Nxb7 1-0


[Site "https://www.chess.com"]

[Event "Titled Tuesday Blitz May 25 2021"]
[White "Albuquerque Junior,Wellington S."]
[Black "Reprintsev, Alexander"]
[WhiteFideId "2151480"]
[BlackFideId "14100541"]
[WhiteElo "2042"]
[BlackElo "2177"]
[Result "1-0"]
[Round "11"]
[TimeControl "180+1"]
[Date "2021.05.25"]
[WhiteClock "0:00:41"]
[BlackClock "0:00:10"]

1. c4 e5 2. g3 Nc6 3. Bg2 Nf6 4. Nc3 Bb4 5. Nd5 O-O 6. e3 d6 7. a3 Bc5 8. Ne2 Be6 9. Nec3 a6 10. O-O Rb8 11. b4 Ba7 12. Bb2 Ne7 13. Nxf6+ gxf6 14. d3 Kh8 15. Rc1 Rg8 16. Kh1 f5 17. Qd2 f6 18. Nd5 Nxd5 19. cxd5 Bf7 20. Qc3 Rc8 21. Qc4 b5 22. Qh4 Qe7 23. Rfe1 Rg6 24. Bh3 Qd7 25. e4 Rg5 26. Rc2 Bg6 27. Bc1 Rh5 28. Qxf6+ Qg7 29. Qxg7+ Kxg7 30. Bxf5 Bxf5 31. exf5 Rxf5 32. Kg2 Bb6 33. Be3 Rcf8 34. Bxb6 cxb6 35. Ree2 Rf3 36. Re3 R3f6 37. Rd2 a5 38. Re4 Rc8 39. bxa5 bxa5 40. Rb2 Rc5 41. d4 Rxd5 42. dxe5 dxe5 43. Rg4+ Rg6 44. Re4 Kf6 45. Rbe2 Kf5 46. f4 exf4 47. Rxf4+ Kg5 48. Ree4 Kh6 49. Re7 Rh5 50. h4 Rb6 51. Rff7 Kg6 52. Rg7+ Kf6 53. Rgf7+ Kg6 54. Rg7+ Kf5 55. g4+ Kf4 56. gxh5 b4 57. axb4 axb4 58. Rgf7+ Kg4 59. Re4+ Kxh5 60. Rff4 b3 61. Rb4 Rg6+ 62. Kh3 1-0


[Site "https://www.chess.com"]

[Event "Titled Tuesday Blitz May 25 2021"]
[White "AldokhinIvan"]
[Black "Prydun, Andriy"]
[BlackFideId "14145898"]
[WhiteElo "2517"]
[BlackElo "2033"]
[Result "1-0"]
[Round "11"]
[TimeControl "180+1"]
[Date "2021.05.25"]
[WhiteClock "0:01:04"]
[BlackClock "0:00:44"]

1. e4 d5 2. exd5 Qxd5 3. Nc3 Qd6 4. Bc4 Nf6 5. Nge2 Be6 6. Nb5 Qc6 7. Bxe6 fxe6 8. Ned4 Qb6 9. a4 a5 10. Qe2 Na6 11. Nxe6 Kf7 12. Ng5+ Ke8 13. O-O Rd8 14. d3 c6 15. Be3 c5 16. Bf4 Qc6 17. Rae1 Rd7 18. Nf3 Rd5 19. c4 Rf5 20. Ne5 Qe6 21. Bg3 Nh5 22. Qe4 Nxg3 23. hxg3 Qc8 24. Ng6 hxg6 25. Nd6+ Kd8 26. Nxc8 Rfh5 27. f4 1-0


[Site "https://www.chess.com"]

[Event "Titled Tuesday Blitz May 25 2021"]
[White "Annaberdiyev, Babageldi"]
[Black "Isajevsky, Anton"]
[WhiteFideId "14000385"]
[BlackFideId "4142500"]
[WhiteElo "2745"]
[BlackElo "2587"]
[Result "1-0"]
[Round "11"]
[TimeControl "180+1"]
[Date "2021.05.25"]
[WhiteClock "0:00:18"]
[BlackClock "0:00:02"]

1. e4 c5 2. Nf3 d6 3. d4 cxd4 4. Nxd4 Nf6 5. Nc3 a6 6. Bg5 e6 7. f4 Qc7 8. Qf3 Nbd7 9. O-O-O b5 10. e5 Bb7 11. Qh3 dxe5 12. Nxe6 fxe6 13. Qxe6+ Be7 14. Bxb5 axb5 15. Nxb5 Qc6 16. Nd6+ Kd8 17. fxe5 Kc7 18. Qxe7 Rxa2 19. exf6 Ra1+ 20. Kd2 Rxd1+ 21. Rxd1 Qxd6+ 22. Qxd6+ Kxd6 23. fxg7 Rg8 24. Bh6 Nf6 25. g3 Ke6 26. c4 Ng4 27. Bf4 Rxg7 28. Kc3 Nxh2 29. b4 Ng4 30. b5 Nf2 31. Rd6+ Kf5 32. Rh6 Ne4+ 33. Kb4 Kg4 34. c5 Nxg3 35. Bxg3 Kxg3 36. c6 Bc8 37. b6 Kg4 38. Kc5 Kg5 39. Rh2 Kf6 40. Kd6 Kf5 41. Rb2 h5 42. Rf2+ Ke4 43. Rh2 Rg6+ 44. Kc7 Be6 45. b7 Bd5 46. b8=Q Rxc6+ 47. Kd7 Rc4 48. Rh4+ 1-0


[Site "https://www.chess.com"]

[Event "Titled Tuesday Blitz May 25 2021"]
[White "Aravindh, Chithambaram VR."]
[Black "Maksimenko, Viktor"]
[WhiteFideId "5072786"]
[BlackFideId "13710478"]
[WhiteElo "2600"]
[BlackElo "2269"]
[Result "1-0"]
[Round "11"]
[TimeControl "180+1"]
[Date "2021.05.25"]
[WhiteClock "0:00:43"]
[BlackClock "0:00:08"]

1. b3 e5 2. Bb2 Nc6 3. c4 Nf6 4. Nf3 e4 5. Nd4 Bc5 6. Nf5 d5 7. Nxg7+ Kf8 8. cxd5 Bd4 9. Nc3 Nb4 10. Nh5 Nbxd5 11. Nxf6 Bxf6 12. Qc2 Nxc3 13. Bxc3 Bf5 14. e3 Rg8 15. O-O-O a5 16. f3 Bxc3 17. Qxc3 Qe7 18. Bc4 a4 19. b4 b5 20. Bd5 Rd8 21. fxe4 Bxe4 22. Bxe4 Qxe4 23. Rhf1 Rd6 24. Rf4 Qxg2 25. Kb2 Rc6 26. Qd4 Rd6 27. Qc3 Rc6 28. Qe5 Qg6 29. Rdf1 Qh6 1-0


[Site "https://www.chess.com"]

[Event "Titled Tuesday Blitz May 25 2021"]
[White "Asis Gargatagli, Hipolito"]
[Black "Erdogdu, Mert"]
[WhiteFideId "2260735"]
[BlackFideId "6301495"]
[WhiteElo "2557"]
[BlackElo "2485"]
[Result "0-1"]
[Round "11"]
[TimeControl "180+1"]
[Date "2021.05.25"]
[WhiteClock "0:00:19"]
[BlackClock "0:00:11"]

1. e4 c5 2. Nf3 d6 3. Bb5+ Nc6 4. O-O Bd7 5. Re1 Nf6 6. h3 Ne5 7. Bf1 Bc6 8. Nxe5 dxe5 9. d3 e6 10. Nd2 Be7 11. Nc4 Qc7 12. a4 b6 13. Qf3 O-O 14. Bd2 Nd7 15. Bc3 f6 16. Qg4 Kf7 17. h4 Rfd8 18. g3 a6 19. Bh3 Nf8 20. f4 exf4 21. gxf4 Bb7 22. Kh2 Qc6 23. Rg1 g6 24. Raf1 Rac8 25. h5 Ke8 26. Qe2 Ba8 27. b3 b5 28. axb5 axb5 29. Ne3 c4 30. bxc4 bxc4 31. Nxc4 Qb7 32. Rb1 Qa6 33. Ra1 Qc6 34. Rgb1 Rb8 35. Rxb8 Rxb8 36. Bg2 Qc7 37. e5 Bxg2 38. Qxg2 f5 39. Ra6 Kf7 40. h6 Rb1 41. Qc6 Qxc6 42. Rxc6 Rc1 43. Ne3 g5 44. Bd2 Ra1 45. Nc4 gxf4 46. Bxf4 Ng6 47. Bd2 Ra2 48. Nd6+ Kg8 49. Rc8+ Bf8 50. d4 Ra4 51. Be3 f4 52. Bf2 Ra2 53. Kg2 Ne7 54. Ne4 Nxc8 55. Nf6+ Kh8 56. c4 Bxh6 57. Kf3 Ra3+ 58. Ke4 Nb6 59. c5 Nc4 60. d5 Nd2+ 61. Kd4 Ra4+ 62. Kc3 Ne4+ 63. Nxe4 Rxe4 64. d6 Rxe5 65. Bd4 Bg7 66. d7 Rxc5+ 0-1


[Site "https://www.chess.com"]

[Event "Titled Tuesday Blitz May 25 2021"]
[White "Barbero Sendic, Alejandro"]
[Black "Aliavdin, Nikolai"]
[WhiteFideId "3001288"]
[BlackFideId "13502883"]
[WhiteElo "2314"]
[BlackElo "2268"]
[Result "0-1"]
[Round "11"]
[TimeControl "180+1"]
[Date "2021.05.25"]
[WhiteClock "0:00:25"]
[BlackClock "0:01:11"]

1. d4 Nf6 2. Nc3 c5 3. d5 e5 4. e4 d6 5. h3 Be7 6. g4 a6 7. a4 O-O 8. Nge2 Ne8 9. Ng3 Bg5 10. Bg2 Bxc1 11. Qxc1 b6 12. O-O g6 13. f4 exf4 14. Qxf4 Nd7 15. g5 Ne5 16. h4 f6 17. h5 Ra7 18. hxg6 hxg6 19. gxf6 Rxf6 20. Qd2 Raf7 21. Rxf6 Qxf6 22. Rf1 Qh4 23. Rxf7 Nxf7 24. Nce2 Ne5 25. Qf4 Qe7 26. Kf1 Nf6 27. Ke1 Bd7 28. b3 b5 29. axb5 axb5 30. Kd2 Qd8 31. Qg5 Kf7 32. Nf4 Qh8 33. Kc1 Qh2 34. Kb2 Nh7 35. Nf1 Nxg5 36. Nxh2 b4 37. Nd3 Kf6 38. Nf2 Ngf7 39. Bf1 Kg5 40. Be2 Kf4 41. Bd3 Kg3 0-1


[Site "https://www.chess.com"]

[Event "Titled Tuesday Blitz May 25 2021"]
[White "Blanco Ronquillo, Humberto L."]
[Black "Karttunen, Mika"]
[WhiteFideId "3504239"]
[BlackFideId "502081"]
[WhiteElo "2423"]
[BlackElo "2343"]
[Result "1-0"]
[Round "11"]
[TimeControl "180+1"]
[Date "2021.05.25"]
[WhiteClock "0:00:36"]
[BlackClock "0:00:18"]

1. d4 Nf6 2. c4 g6 3. Nf3 d5 4. cxd5 Nxd5 5. e4 Nb6 6. Nc3 Bg7 7. h3 O-O 8. Be3 Nc6 9. Bb5 Bd7 10. O-O Na5 11. Be2 Nac4 12. Bc1 e5 13. b3 exd4 14. Nxd4 Nd6 15. Bf4 Re8 16. Bf3 c5 17. Nde2 Nb5 18. Rc1 Nd4 19. Nxd4 cxd4 20. Nd5 Nxd5 21. exd5 Rc8 22. Qd2 Qb6 23. Rfe1 Rc3 24. Rxe8+ Bxe8 25. Re1 Bd7 26. Re7 Qd8 27. d6 b5 28. Bd5 Be8 29. Qe2 Rc8 30. Rxa7 Bf6 31. Rc7 Rb8 32. Qe4 Kg7 33. Be5 Bxe5 34. Qxe5+ Qf6 35. Qxf6+ Kxf6 36. d7 Rd8 37. dxe8=Q Rxe8 38. Rxf7+ Ke5 39. Bf3 d3 40. Rd7 1-0


[Site "https://www.chess.com"]

[Event "Titled Tuesday Blitz May 25 2021"]
[White "Blomqvist, Erik"]
[Black "Goryachkina, Aleksandra"]
[WhiteFideId "1709437"]
[BlackFideId "4147103"]
[WhiteElo "2460"]
[BlackElo "2441"]
[Result "0-1"]
[Round "11"]
[TimeControl "180+1"]
[Date "2021.05.25"]
[WhiteClock "0:00:01"]
[BlackClock "0:00:04"]

1. e4 c5 2. Nf3 e6 3. c3 d5 4. exd5 exd5 5. d4 Nf6 6. Bb5+ Bd7 7. Bxd7+ Nbxd7 8. O-O Be7 9. dxc5 Nxc5 10. Be3 O-O 11. Nbd2 Re8 12. Nb3 Nce4 13. Qc2 Bd6 14. h3 a6 15. Rad1 Rc8 16. Rfe1 Bb8 17. Nbd4 Qc7 18. a4 Nd6 19. Bf4 Qb6 20. Bxd6 Bxd6 21. Qb3 Qc7 22. Nf5 Bc5 23. Qc2 g6 24. N5d4 Ne4 25. Re2 Qf4 26. Rde1 Re7 27. Qb3 Rd8 28. a5 h5 29. Qc2 g5 30. Qd3 g4 31. Nh4 Nxf2 32. Qf5 Qxf5 33. Nhxf5 Rxe2 34. Rxe2 Ne4 35. hxg4 hxg4 36. Nh6+ Kg7 37. Nxg4 Nd6 38. Kf1 Bxd4 39. cxd4 Kf8 40. Ne3 Nb5 41. Nf5 Rc8 42. g4 Rc1+ 43. Kf2 Ra1 44. Rc2 Ke8 45. Rc8+ Kd7 46. Rf8 Rxa5 47. Rxf7+ Ke6 48. Rxb7 Ra2 49. Ke3 Rxb2 50. Rb6+ Kf7 51. Rxa6 Nc3 52. Kf4 Re2 53. Ra7+ Kf8 54. Kg5 Re6 55. Rd7 Ne4+ 56. Kf4 Nf6 57. Rd6 Re4+ 58. Kf3 Kf7 59. Re6 Rxe6 0-1


[Site "https://www.chess.com"]

[Event "Titled Tuesday Blitz May 25 2021"]
[White "Bodnaruk, Anastasia"]
[Black "Miszler, Levente"]
[WhiteFideId "4181751"]
[BlackFideId "763276"]
[WhiteElo "2393"]
[BlackElo "1967"]
[Result "0-1"]
[Round "11"]
[TimeControl "180+1"]
[Date "2021.05.25"]
[WhiteClock "0:00:06"]
[BlackClock "0:00:18"]

1. e4 e6 2. d4 d5 3. e5 c5 4. c3 Nc6 5. Nf3 Bd7 6. Be2 f6 7. O-O fxe5 8. Nxe5 Nxe5 9. dxe5 Qc7 10. Re1 O-O-O 11. Bf1 Ne7 12. Na3 Nf5 13. Nc2 Rg8 14. b4 g5 15. a4 g4 16. Ba3 h5 17. Bd3 Nh4 18. bxc5 Bxc5 19. Nd4 Bxa3 20. Rxa3 Rdf8 21. Qb3 Bc6 22. Nxe6 Qf7 23. Nxf8 Nf3+ 24. gxf3 gxf3+ 25. Kh1 Qxf8 26. Bf1 Bd7 27. e6 Bxe6 28. Rxe6 Qg7 29. Re8+ Rxe8 30. Qxd5 Re1 31. Qc4+ Kb8 32. Qf4+ Ka8 33. Qc4 Qg2# 0-1


[Site "https://www.chess.com"]

[Event "Titled Tuesday Blitz May 25 2021"]
[White "Cardoso Cardoso, Jose Gabriel"]
[Black "Bortnyk, Olexandr"]
[WhiteFideId "4430492"]
[BlackFideId "14120828"]
[WhiteElo "2343"]
[BlackElo "2723"]
[Result "0-1"]
[Round "11"]
[TimeControl "180+1"]
[Date "2021.05.25"]
[WhiteClock "0:00:02"]
[BlackClock "0:00:14"]

1. e4 Nf6 2. e5 Nd5 3. d4 d6 4. Nf3 dxe5 5. Nxe5 c6 6. Bc4 Nd7 7. Qe2 Nxe5 8. Qxe5 Be6 9. Bb3 Qd6 10. Qe2 g6 11. O-O Bg7 12. c3 O-O 13. Nd2 a5 14. a4 Qc7 15. Qf3 Rad8 16. Re1 Rfe8 17. Ne4 Bf5 18. Ng3 Bc8 19. Ne4 h6 20. h4 Qb6 21. Ba2 e5 22. dxe5 Rxe5 23. Bxh6 Bxh6 24. Nf6+ Nxf6 25. Qxf6 Rf5 26. Bxf7+ Kf8 27. Qxg6 Qxf2+ 28. Kh1 Qxh4+ 29. Kg1 Rxf7 30. Re2 Bf5 0-1


[Site "https://www.chess.com"]

[Event "Titled Tuesday Blitz May 25 2021"]
[White "Costachi, Mihnea"]
[Black "Nitish Belurkar"]
[WhiteFideId "1217518"]
[BlackFideId "5084768"]
[WhiteElo "2479"]
[BlackElo "2306"]
[Result "1-0"]
[Round "11"]
[TimeControl "180+1"]
[Date "2021.05.25"]
[WhiteClock "0:00:24"]
[BlackClock "0:00:06"]

1. e4 d5 2. exd5 Nf6 3. Nc3 Nxd5 4. Nxd5 Qxd5 5. Nf3 Bf5 6. Be2 Nc6 7. O-O O-O-O 8. d3 e5 9. Be3 h6 10. a4 g5 11. a5 Bg7 12. a6 b6 13. Nd2 Bg6 14. Ra4 Rhe8 15. Bf3 Qd7 16. g4 Nd4 17. Rc4 Nxf3+ 18. Qxf3 Qd5 19. Ne4 Kb8 20. Re1 Re6 21. Bd2 Rf8 22. Nxg5 Qxf3 23. Nxf3 Rfe8 24. Bc3 f6 25. Nh4 Bf7 26. Nf5 Bf8 27. Rce4 b5 28. Bd2 h5 29. gxh5 Bxh5 30. Ng3 Bf3 31. Rh4 Rxa6 32. Rh8 Rae6 33. Bh6 Bb4 34. Rxe8+ Rxe8 35. Re3 Bc6 36. Bg7 Be7 37. Nh5 Rg8 38. Rg3 f5 39. Bxe5 Re8 40. Re3 Bc5 41. d4 Bb6 42. Ng7 Rf8 43. Kf1 Kb7 44. Ne6 Rg8 45. Rg3 Re8 46. Ng7 Rf8 47. f4 Be4 48. c3 a5 49. h4 b4 50. cxb4 axb4 51. h5 Ra8 52. Re3 Ra1+ 53. Re1 Ra2 54. d5 Ra8 55. d6 cxd6 56. Bxd6 Rh8 57. Be5 Rh6 58. Rd1 b3 59. Rd7+ Kc6 60. Rf7 Kd5 61. Rf6 Rxf6 62. Bxf6 Bd3+ 63. Kg2 Be4+ 64. Kg3 Ba5 65. h6 Be1+ 66. Kh2 Bc3 1-0


[Site "https://www.chess.com"]

[Event "Titled Tuesday Blitz May 25 2021"]
[White "Csonka, Balazs"]
[Black "Remolar Gallen, Jose"]
[WhiteFideId "742910"]
[BlackFideId "2215187"]
[WhiteElo "2404"]
[BlackElo "2203"]
[Result "0-1"]
[Round "11"]
[TimeControl "180+1"]
[Date "2021.05.25"]
[WhiteClock "0:00:02"]
[BlackClock "0:00:06"]

1. e4 c5 2. Nf3 d6 3. d4 cxd4 4. Nxd4 Nf6 5. Nc3 a6 6. Qe2 e5 7. Nf5 d5 8. Bg5 d4 9. O-O-O Qa5 10. Bxf6 gxf6 11. Qc4 Be6 12. Nd5 Bxd5 13. exd5 Nd7 14. d6 Qc5 15. Qb3 Rc8 16. g4 h5 17. gxh5 Rxh5 18. Bd3 e4 19. Bxe4 Rxf5 20. Bxf5 Qxf5 21. Rhe1+ Kd8 22. Rxd4 Qxf2 23. Red1 Rc6 24. Kb1 Kc8 25. a3 Qxh2 26. c3 Bxd6 27. Qxf7 Qe5 28. Qg8+ Kc7 29. Rd5 Qe7 30. Qg2 Nb6 31. R5d3 Be5 32. Re3 Rd6 33. Red3 Rxd3 34. Rxd3 Qe6 35. Qe4 Qc6 36. Qe2 Kb8 37. Rh3 Ka7 38. Rh7 Qd5 39. Qh5 Qd3+ 40. Ka2 Qc4+ 41. Ka1 Qf1+ 42. Ka2 Qc4+ 43. Ka1 Na4 44. Qd1 Nc5 45. Rh1 Nb3+ 46. Kb1 Qe4+ 47. Ka2 Nc5 48. Re1 Qc4+ 49. Kb1 Nd3 50. Re3 Nc5 51. Qc2 Bf4 52. Re1 Be5 53. Rd1 Bc7 54. Re1 Be5 55. Rd1 Nb3 56. Re1 a5 57. Rd1 a4 58. Re1 Nc5 59. Rd1 Ka6 60. Re1 Kb6 61. Rd1 Qb3 62. Qc1 Qc4 63. Qc2 Qe4 64. Qxe4 Nxe4 65. Kc2 Kc6 66. Rf1 Nc5 67. Rf2 b5 68. Rf1 Nb3 69. Rf3 Nc5 70. Rf1 Ne6 71. b3 axb3+ 72. Kxb3 Nc5+ 73. Kc2 Ne4 74. a4 bxa4 75. c4 Kc5 76. Kd3 Nd6 77. Rb1 a3 78. Rb8 a2 0-1


[Site "https://www.chess.com"]

[Event "Titled Tuesday Blitz May 25 2021"]
[White "Demin, Vladimir"]
[Black "ARTHURMOTIVATOR"]
[WhiteFideId "4167457"]
[WhiteElo "2579"]
[BlackElo "2333"]
[Result "1-0"]
[Round "11"]
[TimeControl "180+1"]
[Date "2021.05.25"]
[WhiteClock "0:00:19"]
[BlackClock "0:00:03"]

1. e4 e5 2. Nf3 Nc6 3. Bb5 a6 4. Bxc6 dxc6 5. O-O Bg4 6. h3 h5 7. d3 Qf6 8. Nbd2 Ne7 9. Nc4 Ng6 10. hxg4 hxg4 11. Bg5 Qe6 12. Nh2 f6 13. Be3 Nh4 14. Qxg4 f5 15. exf5 Nxf5 16. Nf3 O-O-O 17. Rfe1 Bb4 18. c3 Be7 19. Ncxe5 Bd6 20. d4 Kb8 21. Bf4 Ka8 22. Nxc6 Qd5 23. Nxd8 Rxd8 24. Bxd6 cxd6 25. Qg5 Rh8 26. Re2 Qf7 27. Rae1 Ka7 28. d5 Rh5 29. Qg4 g6 30. Re6 Qh7 31. Kf1 Rh1+ 32. Ke2 Rh5 33. Kd1 Qg8 34. g3 Qc8 35. Nd4 Qc7 36. Nxf5 Rxf5 37. Qd4+ b6 38. Re7 1-0


[Site "https://www.chess.com"]

[Event "Titled Tuesday Blitz May 25 2021"]
[White "Do Valle Cardoso, Lucas"]
[Black "Savitski, Andrei"]
[WhiteFideId "2163144"]
[BlackFideId "13506161"]
[WhiteElo "2378"]
[BlackElo "2121"]
[Result "0-1"]
[Round "11"]
[TimeControl "180+1"]
[Date "2021.05.25"]
[WhiteClock "0:00:34"]
[BlackClock "0:00:14"]

1. e4 c5 2. Nf3 d6 3. d4 cxd4 4. Nxd4 Nf6 5. Nc3 Nc6 6. Bc4 e6 7. Bb3 Bd7 8. f4 a6 9. f5 e5 10. Nde2 h6 11. O-O Na5 12. Kh1 Nxb3 13. axb3 Bc6 14. Qd3 d5 15. exd5 Nxd5 16. f6 Nxf6 17. Qg3 Be7 18. Be3 Qd7 19. Rad1 Qg4 20. Qf2 O-O 21. Ng3 Rfe8 22. Nf5 Bf8 23. Rd2 Rad8 24. Rfd1 Rxd2 25. Rxd2 Bxg2+ 26. Qxg2 Qxf5 27. Bxh6 Ng4 28. Bg5 Qxg5 29. h3 Qh6 30. Rd7 Nf6 31. Rxb7 e4 32. Rb6 Qc1+ 33. Kh2 Qxb2 34. Ne2 Qe5+ 35. Kh1 Bc5 36. Rxa6 Nd5 37. Ra5 Bb6 38. Rb5 Qa1+ 39. Kh2 Bc7+ 40. Ng3 Ne3 41. Qf2 Nf1+ 42. Kg2 Nxg3 43. Rb7 Qh1# 0-1


[Site "https://www.chess.com"]

[Event "Titled Tuesday Blitz May 25 2021"]
[White "Dobrov, Vladimir"]
[Black "Zubov, Alexander"]
[WhiteFideId "4136594"]
[BlackFideId "14109409"]
[WhiteElo "2614"]
[BlackElo "2740"]
[Result "1-0"]
[Round "11"]
[TimeControl "180+1"]
[Date "2021.05.25"]
[WhiteClock "0:00:30"]
[BlackClock "0:00:08"]

1. d4 Nf6 2. c4 e6 3. Nf3 d5 4. g3 dxc4 5. Bg2 Nc6 6. O-O Rb8 7. Nc3 a6 8. e4 b5 9. d5 Nb4 10. b3 cxb3 11. Qxb3 c5 12. dxc6 Nxc6 13. Rd1 Qb6 14. Bf4 Rb7 15. Nd5 exd5 16. exd5 Na5 17. Rac1 Nxb3 18. Rxc8+ Qd8 19. Rxd8+ Kxd8 20. axb3 Nh5 21. Be3 Bd6 22. Nd4 g6 23. Ra1 Kd7 24. Rxa6 Bc5 25. Bh3+ f5 26. Nxf5 Bxe3 27. Nxe3+ Kc7 28. d6+ Kb8 29. Nd5 Ra7 30. Rc6 Kb7 31. Rc7+ Kb8 32. Rc5 Rd8 33. d7 Rdxd7 34. Bxd7 Rxd7 35. Rxb5+ Ka7 36. Rc5 Kb7 37. b4 Ng7 38. Ne3 Ne6 39. Re5 Nc7 40. Kg2 Kc6 41. Rc5+ Kb7 42. h4 Ne6 43. Re5 Nc7 44. h5 gxh5 45. Rxh5 Ne6 46. Rh6 Nd4 47. Ng4 Nf5 48. Rh5 Nd4 49. Nf6 Rd6 50. Rxh7+ Kb6 51. Ne4 Re6 52. Rh4 Nc6 53. Nc3 Ne7 54. Re4 1-0


[Site "https://www.chess.com"]

[Event "Titled Tuesday Blitz May 25 2021"]
[White "Dowgird, Filip"]
[Black "Diaz Camallonga, Carles"]
[WhiteFideId "1121235"]
[BlackFideId "22235256"]
[WhiteElo "2209"]
[BlackElo "2438"]
[Result "0-1"]
[Round "11"]
[TimeControl "180+1"]
[Date "2021.05.25"]
[WhiteClock "0:00:23"]
[BlackClock "0:01:35"]

1. d4 e6 2. Bf4 Nf6 3. e3 c5 4. c3 Nc6 5. Nf3 d5 6. Nbd2 Bd6 7. Bg3 O-O 8. Bd3 b6 9. O-O Bb7 10. Ne5 Ne7 11. Qb1 g6 12. Bh4 Ne8 13. f4 Qc7 14. a4 Nf5 15. Bxf5 gxf5 16. Rf3 f6 17. Rg3+ Kh8 18. Nd3 cxd4 19. exd4 Ba6 20. Rh3 Rg8 21. Nf3 Bxf4 22. Nxf4 Qxf4 23. a5 Be2 24. Bg3 Qe3+ 25. Bf2 Qe4 26. Nd2 Qxg2# 0-1


[Site "https://www.chess.com"]

[Event "Titled Tuesday Blitz May 25 2021"]
[White "Dzhaparov, Medet"]
[Black "Manukyan, Artyom"]
[WhiteFideId "13803689"]
[BlackFideId "13305786"]
[WhiteElo "1702"]
[BlackElo "2034"]
[Result "1-0"]
[Round "11"]
[TimeControl "180+1"]
[Date "2021.05.25"]
[WhiteClock "0:00:07"]
[BlackClock "0:00:20"]

1. d4 d5 2. c4 e6 3. Nc3 Nf6 4. cxd5 exd5 5. Bg5 c6 6. e3 Qb6 7. Qb3 Qxb3 8. axb3 Ne4 9. Nxe4 dxe4 10. Bf4 a5 11. Ne2 Be6 12. Nc3 Bxb3 13. Nxe4 Bb4+ 14. Nc3 Nd7 15. Be2 Nf6 16. O-O O-O 17. Rfc1 a4 18. Nb1 Nd5 19. Bg3 Rfe8 20. Bf3 Rec8 21. e4 Nb6 22. Na3 Kf8 23. Bf4 Ke7 24. h4 h6 25. g4 Nd7 26. h5 Nf6 27. g5 hxg5 28. Bxg5 Kf8 29. Nc4 Re8 30. e5 Nd5 31. Bxd5 cxd5 32. Nb6 Ra6 33. Nd7+ Kg8 34. Rc7 b5 35. Rac1 Raa8 36. h6 gxh6 37. Nf6+ Kh8 38. Rxf7 Re7 39. Rxe7 Bxe7 40. Bxh6 Bxf6 41. exf6 Kh7 42. Bf4 Kg6 43. Be5 Ra7 44. f3 Bc4 45. Kf2 b4 46. Rg1+ Kh7 47. Rh1+ Kg6 48. Rg1+ Kh7 49. f4 a3 50. bxa3 bxa3 51. f5 Rf7 52. Rh1+ Kg8 53. Rg1+ Kh7 54. Rh1+ Kg8 55. Rg1+ Kf8 56. Ke3 a2 57. Kf4 Ke8 58. Rg8+ Kd7 59. Ra8 Rh7 60. Kg5 Bd3 61. Kg6 Rh1 62. f7 Rg1+ 63. Kf6 Rf1 64. f8=Q Rxf5+ 65. Kg7 Rxf8 66. Kxf8 Bb1 67. Kf7 Kc6 68. Ke6 Kb5 69. Kxd5 Kb4 70. Kd6 Kb3 71. d5 Be4 72. Kc5 Bf3 73. Ra7 Be4 74. d6 Bf5 75. Kc6 Be4+ 76. Kc7 Bf5 77. d7 Bxd7 78. Kxd7 Kc2 79. Rxa2+ Kb1 80. Ra5 Kc2 81. Kd6 Kb3 82. Rc5 Kb4 83. Kd5 Kb3 84. Kd4 Ka2 85. Bf4 Kb3 86. Rc4 Kb2 87. Kd3 Kb1 88. Bd2 Kb2 89. Rb4+ Ka2 90. Rb8 Ka1 91. Kc2 Ka2 92. Ra8# 1-0


[Site "https://www.chess.com"]